 Dungeon Crawl Stone Soup version 0.28.0-53-g5a82cb258f (webtiles) character file.

Game seed: 7246703641335841368

32 DocClef the Poker (level 3, 0/27 HPs)
             Began as a Merfolk Gladiator on June 29, 2022.
             Frozen to death by an endoplasm (4 damage)
             ... on level 3 of the Dungeon.
             The game lasted 00:01:12 (1229 turns).

DocClef the Poker (Merfolk Gladiator)               Turns: 1229, Time: 00:01:13

Health: 0/27       AC: 11    Str: 16    XL:     3   Next: 27%
Magic:  3/3        EV:  8    Int:  7    God:
Gold:   30         SH:  0    Dex: 15    Spells: 2/2 levels left

rFire   . . .      SeeInvis .   a - +0 trident
rCold   . . .      Faith    .   (no shield)
rNeg    . . .      Spirit   .   e - +0 chain mail
rPois   .          Reflect  .   c - +0 helmet
rElec   .          Harm     .   f - +0 cloak
rCorr   .          Rampage  .   k - +0 pair of gloves
Will    .....                   (no boots)
Stlth   ..........              (no amulet)
HPRegen 0.09/turn               (no ring)
MPRegen 0.08/turn               (no ring)

@: no status effects
A: (nimble swimmer 2), mertail
a: no special abilities


You were on level 3 of the Dungeon.
You visited 1 branch of the dungeon, and saw 3 of its levels.

You collected 30 gold pieces.

Inventory:

Hand Weapons
 a - a +0 trident (weapon)
Missiles
 d - 3 throwing nets (quivered)
Armour
 c - a +0 helmet (worn)
 e - a +0 chain mail (worn)
 f - a +0 cloak (worn)
 k - a +0 pair of gloves (worn)
Scrolls
 g - a scroll of noise {unknown}
 h - a scroll of fog {unknown}
 j - a scroll of enchant armour {unknown}
Potions
 i - 2 potions of might {unknown}


   Skills:
 - Level 2.1 Fighting
 + Level 6.3 Polearms
 - Level 2.0 Throwing
 - Level 4.0 Dodging


You had 2 spell levels left.
You didn't know any spells.
Your spell library was empty.

Dungeon Overview and Level Annotations

Branches:
Dungeon (3/15)

Altars:

Annotations:
D:2 Sigmund
D:3 Ijyb


Innate Abilities, Weirdness & Mutations

((You are very nimble when in or above water. (Stealth+, EV+, Speed+++)))
Your lower body shifts to a powerful aquatic tail in water.


Message History

Ijyb zaps a wand.
The puff of flame hits you.
An endoplasm comes into view.
The endoplasm quivers.
Ijyb screams, "Me stronger than you!"
Ijyb zaps a wand.
The puff of flame hits you.
You barely miss Ijyb. Ijyb hits you with a +0 club.
You barely miss Ijyb. Ijyb hits you with a +0 club.
You are too injured to fight recklessly!
You are too injured to fight recklessly!
You are too injured to fight recklessly!
You are too injured to fight recklessly!
You are too injured to fight recklessly!
You are too injured to fight recklessly!
You are too injured to fight recklessly!
You are too injured to fight recklessly!
You are too injured to fight recklessly!
You are too injured to fight recklessly!
You are too injured to fight recklessly!
You are too injured to fight recklessly!
You are too injured to fight recklessly!
You are too injured to fight recklessly!
You are too injured to fight recklessly!
You are too injured to fight recklessly!
You hit Ijyb.
Ijyb is lightly wounded.
Ijyb hits you with a +0 club.
* * * LOW HITPOINT WARNING * * *
The endoplasm freezes you.
You are frozen.
* * * LOW HITPOINT WARNING * * *
You barely miss Ijyb.
Ijyb is lightly wounded.
Ijyb completely misses you.
The endoplasm hits you but does no damage.
Unknown command.
You hit the endoplasm.
The endoplasm is lightly wounded.
The endoplasm freezes you.
You are frozen.
You die...

#$###....
####..........#
..$..>....##...
##.#.#.#......#
##............#
#####.#<#.#.#.....
#...............#
#.###.#†#.#.#...#.#
#.......@.....#
#.#.#.#J###.....
#..........# ###
#.#.#.#.##.#
#........ #
###.#.#.## #.......
## #.#.# ...


You could see an endoplasm.

Vanquished Creatures
  A ball python (D:1)
  2 endoplasms (D:1)
  3 giant cockroaches (D:1)
  2 goblins
  6 hobgoblins
  2 jackals (D:3)
  2 quokkas
  3 bats
  2 frilled lizards (D:1)
  2 kobolds (D:1)
  3 rats (D:1)
28 creatures vanquished.

Notes
Turn   | Place    | Note
-------+----------+-------------------------------------------
     0 | D:1      | DocClef the Merfolk Gladiator began the quest for the Orb.
     0 | D:1      | Reached XP level 1. HP: 16/16 MP: 1/1
   186 | D:1      | Reached skill level 5 in Polearms
   365 | D:1      | Reached XP level 2. HP: 18/22 MP: 2/2
  1001 | D:1      | Reached skill level 6 in Polearms
  1001 | D:1      | Reached XP level 3. HP: 27/27 MP: 3/3
  1191 | D:2      | Noticed Sigmund
  1219 | D:3      | Noticed Ijyb
  1229 | D:3      | Frozen to death by an endoplasm

Illustrated notes

Levels and vault maps discovered:
D:1:      matt_arrival_los_fun, layout_basic
D:2:      layout_basic, uniq_sigmund, uniq_jessica, uniq_natasha
D:3:      layout_basic, grunt_ministairs_14, kennysheep_small_spiral,
          st_stairs_12, uniq_ijyb

Skill      XL: |  1  2 |
---------------+-------+-----
Polearms       | 5 6 |  6.3
Fighting       | |  2.1
Throwing       | |  2.0
Dodging        | |  4.0

Action                   || total
-------------------------++-------
Melee: Trident           ||    72
       Punch             ||     1
Armor: Chain mail        ||    22
Dodge: Dodged            ||    15
